[Event "WTCC-50 2018"]
[Site "Radebeul"]
[Date "2018.07.12"]
[Round "6"]
[White "Levin, Felix"]
[Black "Wolf, Volker"]
[Result "1-0"]
[ECO "A04"]
[WhiteElo "2468"]
[BlackElo "2323"]
[Annotator "RC"]
[PlyCount "109"]
[EventDate "2018.07.07"]
[EventType "team-tourn"]
[EventCountry "GER"]
[SourceTitle "playchess.com"]
[Source "ChessBase"]
[SourceQuality "1"]
[TimeControl "40/5400+30:1800+30"]

1. Nf3 g6 2. d4 Bg7 3. g3 b6 4. Bg2 Bb7 5. c4 e6 6. Nc3 Ne7 7. O-O O-O 8. Bf4 h6 9. h4 d5 10. cxd5 Nxd5 11. Nxd5 Bxd5 12. Qc1 Kh7 13. Bxc7 Qe7 14. Be5 Nd7 15. Bxg7 Kxg7 16. Qf4 Rac8 17. Rfc1 Bxf3 18. Bxf3 e5 19. dxe5 Qxe5 20. Qxe5+ Nxe5 21. Bb7 Rcd8 22. Rd1 f5 23. Rac1 Rxd1+ 24. Rxd1 Rf7 25. Ba6 Rc7 26. Rd2 Nd7 27. Bd3 Nc5 28. Bc2 h5 29. b4 Nd7 30. Bb3 Nf6 31. f3 Re7 32. Kf2 Nd7 33. Rd6 Nf6 34. Ke1 Ne8 35. Rd8 Nf6 36. Kd2 Ne8 37. Bc2 Nc7 38. Bd3 Ne8 39. a4 Nc7 40. Rd6 Ne8 41. Rd8 Nf6 42. a5 bxa5 43. bxa5 Rc7 44. Rd6 Rc5 45. a6 Re5 46. Rd8 Re7 47. Rb8 Ne8 48. Rb7 Kf6 49. Kc3 Nc7 50. Kd4 Ne6+ 51. Kd5 Nd8 52. Rxe7 Kxe7 53. e4 fxe4 54. Bxe4 Kf6 55. Kd6 1-0

[Event "WTCC-50 2018"]
[Site "Radebeul"]
[Date "2018.07.12"]
[Round "6"]
[White "Arkell, Keith C"]
[Black "Ruether, Rudolf"]
[Result "1-0"]
[ECO "A48"]
[WhiteElo "2406"]
[BlackElo "2118"]
[Annotator "NA"]
[PlyCount "71"]
[EventDate "2018.07.07"]
[EventType "team-tourn"]
[EventCountry "GER"]
[SourceTitle "playchess.com"]
[Source "ChessBase"]
[SourceQuality "1"]
[TimeControl "40/5400+30:1800+30"]

1. d4 Nf6 2. Nf3 g6 3. c4 Bg7 4. g3 O-O 5. Bg2 d6 6. O-O Nbd7 7. d5 a5 8. Nc3 Nc5 9. Be3 Nfe4 10. Nxe4 Nxe4 11. Bd4 Nf6 12. Bc3 Bd7 13. h3 c6 14. Nd4 cxd5 15. cxd5 Qb6 16. e4 a4 17. a3 Rac8 18. Qd2 Rc4 19. Rad1 Ne8 20. Rfe1 Rc8 21. Kh2 Nc7 22. f4 Nb5 23. Nxb5 Qxb5 24. e5 Rfe8 25. Re4 Qb6 26. Rb4 Qc7 27. Qe3 b5 28. e6 fxe6 29. Bxg7 Kxg7 30. dxe6 Bc6 31. Rc1 Qb7 32. Qc3+ Kg8 33. Bxc6 Qb6 34. Qf3 Rc7 35. Rc3 Rec8 36. Bxb5 1-0

[Event "WTCC-50 2018"]
[Site "Radebeul"]
[Date "2018.07.12"]
[Round "6"]
[White "Casper, Thomas"]
[Black "Hebden, Mark L"]
[Result "1/2-1/2"]
[ECO "C24"]
[WhiteElo "2354"]
[BlackElo "2423"]
[Annotator "NA"]
[PlyCount "70"]
[EventDate "2018.07.07"]
[EventType "team-tourn"]
[EventCountry "GER"]
[SourceTitle "playchess.com"]
[Source "ChessBase"]
[SourceQuality "1"]
[TimeControl "40/5400+30:1800+30"]

1. e4 e5 2. Bc4 Nf6 3. d3 Nc6 4. Nc3 Na5 5. Nge2 Be7 6. O-O O-O 7. Ng3 d6 8. Bb3 Nxb3 9. axb3 c6 10. d4 b5 11. dxe5 dxe5 12. Qxd8 Rxd8 13. Be3 a6 14. Rfd1 Rxd1+ 15. Rxd1 Be6 16. f3 g6 17. Ra1 Nd7 18. Nge2 Nc5 19. Nc1 a5 20. Kf1 f6 21. Ke2 Kf7 22. Nd3 Nxd3 23. Kxd3 Ra6 24. Bd2 Bc8 25. Nd1 a4 26. bxa4 bxa4 27. c4 Be6 28. b3 a3 29. Be3 Bb4 30. Nc3 Ra8 31. Na4 f5 32. Kc2 Rd8 33. Nc3 h5 34. Bc1 Bxc3 35. Kxc3 fxe4 1/2-1/2

[Event "WTCC-50 2018"]
[Site "Radebeul"]
[Date "2018.07.12"]
[Round "6"]
[White "Goh, Cheng Hong"]
[Black "Druckenthaner, Andreas"]
[Result "1/2-1/2"]
[ECO "A04"]
[WhiteElo "2323"]
[BlackElo "2296"]
[Annotator "NA"]
[PlyCount "78"]
[EventDate "2018.07.07"]
[EventType "team-tourn"]
[EventCountry "GER"]
[SourceTitle "playchess.com"]
[Source "ChessBase"]
[SourceQuality "1"]
[TimeControl "40/5400+30:1800+30"]

1. Nf3 Nc6 2. d4 d6 3. Bf4 Nf6 4. h3 g6 5. e3 Bg7 6. c3 O-O 7. Bc4 Nd7 8. O-O e5 9. Bh2 Qe7 10. a4 Nf6 11. Na3 Bf5 12. Re1 Rad8 13. Rc1 h5 14. Bf1 Ne4 15. Nc4 g5 16. Nfd2 Nxd2 17. Nxd2 Bg6 18. Be2 h4 19. d5 Nb8 20. e4 Nd7 21. Bg4 f5 22. exf5 Bxf5 23. Bxf5 Rxf5 24. Ne4 Nf6 25. Nxf6+ Qxf6 26. f3 Rf8 27. Re4 Qf7 28. Qd3 Qd7 29. Rd1 Bf6 30. Kf2 Bd8 31. Ke2 a6 32. Bg1 Rf4 33. Be3 Rxe4 34. Qxe4 Kg7 35. Kd2 c6 36. Kc2 c5 37. b3 Be7 38. Bd2 Rb8 39. Ra1 b6 1/2-1/2

[Event "WTCC-50 2018"]
[Site "Radebeul"]
[Date "2018.07.12"]
[Round "6"]
[White "Titscher, Libor"]
[Black "Weitzer, Steffen"]
[Result "1/2-1/2"]
[ECO "A10"]
[WhiteElo "2306"]
[BlackElo "2288"]
[Annotator "NA"]
[PlyCount "47"]
[EventDate "2018.07.07"]
[EventType "team-tourn"]
[EventCountry "GER"]
[SourceTitle "playchess.com"]
[Source "ChessBase"]
[SourceQuality "1"]
[TimeControl "40/5400+30:1800+30"]

1. c4 f5 2. Nc3 Nf6 3. g3 e6 4. Bg2 d5 5. d4 c6 6. Nf3 Bd6 7. O-O O-O 8. b3 Ne4 9. Bb2 Nd7 10. Qc2 Qf6 11. Rad1 Qh6 12. Ne5 Ndf6 13. Bc1 Qh5 14. f3 Nxc3 15. Qxc3 g5 16. Rde1 h6 17. e4 a5 18. a3 Ra6 19. Qc2 Kg7 20. Nd3 dxe4 21. fxe4 Ng4 22. Bf3 fxe4 23. Bxg4 exd3 24. Qd1 1/2-1/2

[Event "WTCC-50 2018"]
[Site "Radebeul"]
[Date "2018.07.12"]
[Round "6"]
[White "Lewis, Andrew P"]
[Black "Penzold, Andreas"]
[Result "0-1"]
[ECO "A43"]
[WhiteElo "2298"]
[BlackElo "2389"]
[Annotator "NA"]
[PlyCount "72"]
[EventDate "2018.07.07"]
[EventType "team-tourn"]
[EventCountry "GER"]
[SourceTitle "playchess.com"]
[Source "ChessBase"]
[SourceQuality "1"]
[TimeControl "40/5400+30:1800+30"]

1. c4 g6 2. Nc3 Bg7 3. d4 c5 4. d5 Bxc3+ 5. bxc3 f5 6. e4 fxe4 7. f3 e5 8. dxe6 Nc6 9. Ne2 exf3 10. Ng3 Qf6 11. Qxf3 Qxf3 12. gxf3 dxe6 13. Ne4 b6 14. Bg5 h6 15. Bh4 Nge7 16. Nd6+ Kf8 17. f4 Ba6 18. O-O-O Na5 19. Nb5 Nf5 20. Nc7 Nxh4 21. Bh3 Bxc4 22. Nxa8 Ke7 23. Nc7 Rc8 24. Nxe6 Bxe6 25. Bxe6 Kxe6 26. Rhe1+ Kf5 27. Re5+ Kxf4 28. Rde1 Nf5 29. Re6 Rc6 30. Re8 h5 31. h4 Rd6 32. Rf1+ Kg3 33. Re4 Nxh4 34. Re3+ Kg2 35. Rfe1 Nf3 36. R1e2+ Kg3 0-1

[Event "WTCC-50 2018"]
[Site "Radebeul"]
[Date "2018.07.12"]
[Round "6"]
[White "Denk, Adolf"]
[Black "Chan, Peng Kong"]
[Result "1/2-1/2"]
[ECO "D30"]
[WhiteElo "2262"]
[BlackElo "2158"]
[Annotator "NA"]
[PlyCount "49"]
[EventDate "2018.07.07"]
[EventType "team-tourn"]
[EventCountry "GER"]
[SourceTitle "playchess.com"]
[Source "ChessBase"]
[SourceQuality "1"]
[TimeControl "40/5400+30:1800+30"]

1. c4 e6 2. Nf3 Nf6 3. d4 d5 4. Bg5 Bb4+ 5. Nc3 Nbd7 6. e3 c5 7. Bxf6 Nxf6 8. cxd5 exd5 9. Bb5+ Bd7 10. Bxd7+ Qxd7 11. dxc5 O-O 12. Qb3 Bxc5 13. Rd1 Rfd8 14. O-O Qe6 15. Ne2 Qb6 16. Qxb6 Bxb6 17. Rc1 Rac8 18. Rfd1 g6 19. Kf1 Kf8 20. Rxc8 Rxc8 21. Nc3 Rd8 22. Ke2 Ke7 23. h3 h5 24. Rd3 a6 25. Na4 1/2-1/2

[Event "WTCC-50 2018"]
[Site "Radebeul"]
[Date "2018.07.12"]
[Round "6"]
[White "Schoene, Ralf"]
[Black "Page, Mark E"]
[Result "1/2-1/2"]
[ECO "E68"]
[WhiteElo "2256"]
[BlackElo "2139"]
[Annotator "NA"]
[PlyCount "114"]
[EventDate "2018.07.07"]
[EventType "team-tourn"]
[EventCountry "GER"]
[SourceTitle "playchess.com"]
[Source "ChessBase"]
[SourceQuality "1"]
[TimeControl "40/5400+30:1800+30"]

1. d4 Nf6 2. c4 g6 3. g3 Bg7 4. Bg2 O-O 5. Nc3 d6 6. Nf3 Nbd7 7. O-O e5 8. e4 exd4 9. Nxd4 Re8 10. h3 a6 11. Re1 Rb8 12. Be3 Ne5 13. b3 c5 14. Nde2 b5 {[%emt 0:02:06] E68: King's Indian: Fianchetto: 6...Nbd7 7 0-0 e5 8 e4} 15. cxb5 (15. f4 Ned7 16. Qxd6 b4 17. e5 bxc3 18. exf6 Rxe3 19. fxg7 Rb6 20. Qd1 Rbe6 21. Kf2 Qf6 22. Qc2 Re8 23. Rad1 Qe7 24. Rd3 Nf6 25. Rxc3 Bxh3 26. Qd2 Ne4+ {0-1 (26) Wheeler,C (2407)-Bachmann,A (2653) Philadelphia 2017}) 15... axb5 16. Qc2 b4 17. Na4 Bb7 18. Rad1 Qe7 19. f3 Rec8 $146 ({Predecessor:} 19... Bc6 20. Nb2 Ra8 21. Nc1 Nh5 22. Bf2 {0-1 (39) Ivanov,T (2435)-Belikov,V (2450) Moscow 1994}) 20. Bf2 Bc6 21. Nb2 Ra8 22. Nc1 Ne8 23. f4 Nd7 24. Nc4 Bc3 25. Re2 Rab8 26. Qd3 Bb5 27. a4 Bxc4 28. Qxc4 Nb6 29. Qa6 Rc7 30. Rc2 Ra7 31. Qd3 c4 32. bxc4 Rxa4 33. Ne2 Bf6 34. Qb3 Qa7 35. Nd4 Ra1 36. Rcc1 Rxc1 37. Rxc1 Qa3 38. Qd1 Bxd4 39. Bxd4 Qxg3 40. Qd2 Na4 41. e5 Nc3 42. Bf2 Ne4 43. Bxg3 Nxd2 44. Be1 Nb3 45. Rb1 Na5 46. Bd5 dxe5 47. fxe5 Nc7 48. Rxb4 Rxb4 49. Bxb4 Nb3 50. Kf2 Ne6 51. Bxe6 ({Better is} 51. Ke3 $16) 51... fxe6 52. Ke3 Kf7 53. Kd3 Ke8 54. c5 Kd7 55. Kc4 Nc1 56. Kb5 Nd3 57. c6+ Kc8 $11 1/2-1/2

[Event "WTCC-50 2018"]
[Site "Radebeul"]
[Date "2018.07.12"]
[Round "6"]
[White "Wong, Meng Kong"]
[Black "Wallner, Joachim"]
[Result "0-1"]
[ECO "C91"]
[WhiteElo "2248"]
[BlackElo "2311"]
[Annotator "NA"]
[PlyCount "118"]
[EventDate "2018.07.07"]
[EventType "team-tourn"]
[EventCountry "GER"]
[SourceTitle "playchess.com"]
[Source "ChessBase"]
[SourceQuality "1"]
[TimeControl "40/5400+30:1800+30"]

1. e4 e5 2. Nf3 Nc6 3. Bb5 a6 4. Ba4 Nf6 5. O-O Be7 6. Re1 b5 7. Bb3 d6 8. c3 O-O 9. d4 exd4 10. cxd4 Bg4 11. Nc3 Na5 12. Bc2 c5 13. dxc5 dxc5 14. Qe2 Nc6 15. Qe3 Nd4 16. Bd1 Bxf3 17. gxf3 Re8 18. Ne2 Bd6 19. Ng3 Nd5 20. exd5 Rxe3 21. fxe3 Bxg3 22. hxg3 Nf5 23. Kg2 Qg5 24. g4 Nh4+ 25. Kg3 Ng6 26. Rh1 Qxd5 27. Bc2 Re8 28. Rd1 Qe6 29. f4 Ne7 30. e4 Nc6 31. Be3 Nb4 32. Bb1 c4 33. a3 Nd3 34. Bxd3 cxd3 35. Rxd3 Qxe4 36. Rad1 h6 37. Rc3 f5 38. gxf5 Qxf5 39. Rg1 Re6 40. Kf2 Rg6 41. Rxg6 Qxg6 42. Bd4 Qe4 43. Be3 h5 44. Bd2 Kh7 45. Rh3 g6 46. b4 Qc2 47. Ke1 Qf5 48. Rc3 h4 49. Kf2 Qg4 50. Be1 Qxf4+ 51. Rf3 Qh2+ 52. Ke3 g5 53. Bc3 Qg1+ 54. Ke2 Qg2+ 55. Ke3 h3 56. Be5 h2 57. Rf7+ Kg8 58. Rg7+ Kf8 59. Rh7 h1=Q 0-1

[Event "WTCC-50 2018"]
[Site "Radebeul"]
[Date "2018.07.12"]
[Round "6"]
[White "Findlay, Ian T"]
[Black "Boehm, Martin"]
[Result "1-0"]
[ECO "B06"]
[WhiteElo "2244"]
[BlackElo "2172"]
[Annotator "NA"]
[PlyCount "63"]
[EventDate "2018.07.07"]
[EventType "team-tourn"]
[EventCountry "GER"]
[SourceTitle "playchess.com"]
[Source "ChessBase"]
[SourceQuality "1"]
[TimeControl "40/5400+30:1800+30"]

1. e4 g6 2. d4 Bg7 3. Nc3 d6 4. Be3 c6 5. Qd2 b5 6. Bd3 Nd7 7. Nf3 Nb6 8. b3 h6 9. h3 Bd7 10. O-O Nf6 11. Rfe1 Kf8 12. Bf4 g5 13. Bh2 g4 14. hxg4 Nxg4 15. Bg3 e5 16. dxe5 dxe5 17. a4 b4 18. Nd1 Qe7 19. a5 Nc8 20. Ne3 Qc5 21. Bc4 Nd6 22. Bxf7 Rd8 23. Bg6 Bf6 24. Rad1 Bc8 25. Bh5 Nb7 26. Qe2 Nxe3 27. Rxd8+ Nxd8 28. Qxe3 Qxa5 29. Rd1 Ne6 30. Nh4 Bxh4 31. Bxh4 Nf4 32. Rd8+ 1-0

[Event "WTCC-50 2018"]
[Site "Radebeul"]
[Date "2018.07.12"]
[Round "6"]
[White "Kempter, Ronald"]
[Black "Becker, Norbert"]
[Result "1-0"]
[ECO "D34"]
[WhiteElo "2233"]
[BlackElo "2105"]
[Annotator "NA"]
[PlyCount "25"]
[EventDate "2018.07.07"]
[EventType "team-tourn"]
[EventCountry "GER"]
[SourceTitle "playchess.com"]
[Source "ChessBase"]
[SourceQuality "1"]
[TimeControl "40/5400+30:1800+30"]

1. Nf3 c5 2. c4 Nf6 3. g3 e6 4. Bg2 d5 5. O-O Nc6 6. d4 Be7 7. cxd5 exd5 8. Nc3 O-O 9. Bg5 c4 10. Ne5 Be6 11. Qd2 Qa5 12. Nxc6 bxc6 13. Nxd5 1-0

[Event "WTCC-50 2018"]
[Site "Radebeul"]
[Date "2018.07.12"]
[Round "6"]
[White "Strutinskaia, Galina"]
[Black "Nake, Matthias"]
[Result "0-1"]
[ECO "A45"]
[WhiteElo "2221"]
[BlackElo "2182"]
[Annotator "NA"]
[PlyCount "68"]
[EventDate "2018.07.07"]
[EventType "team-tourn"]
[EventCountry "GER"]
[SourceTitle "playchess.com"]
[Source "ChessBase"]
[SourceQuality "1"]
[TimeControl "40/5400+30:1800+30"]

1. d4 Nf6 2. Bf4 e6 3. e3 d5 4. Nd2 c5 5. c3 Nc6 6. Bd3 Bd6 7. Bg3 e5 8. dxc5 Bxc5 9. b4 Bd6 10. b5 Ne7 11. Ne2 O-O 12. Qb1 Be6 13. a4 Rc8 14. O-O Qd7 15. Rd1 Nf5 16. e4 Nxg3 17. Nxg3 Qe7 18. exd5 Nxd5 19. Nde4 Bb8 20. c4 Nf4 21. c5 Nxd3 22. Qxd3 f5 23. Nd6 Rxc5 24. Ndxf5 Qf6 25. Qe3 Rc2 26. Nd6 Qxf2+ 27. Qxf2 Rfxf2 28. Nf1 Rxg2+ 29. Kh1 Bg4 30. Ne3 Rxh2+ 31. Kg1 Bxd1 32. Nxc2 Rxc2 33. Rxd1 Bxd6 34. Rxd6 Ra2 0-1

[Event "WTCC-50 2018"]
[Site "Radebeul"]
[Date "2018.07.12"]
[Round "6"]
[White "Schultz, Andreas"]
[Black "Berndt, Matthias"]
[Result "1-0"]
[ECO "D26"]
[WhiteElo "2211"]
[BlackElo "2077"]
[Annotator "NA"]
[PlyCount "51"]
[EventDate "2018.07.07"]
[EventType "team-tourn"]
[EventCountry "GER"]
[SourceTitle "playchess.com"]
[Source "ChessBase"]
[SourceQuality "1"]
[TimeControl "40/5400+30:1800+30"]

1. d4 d5 2. c4 dxc4 3. Nf3 Nf6 4. e3 e6 5. Bxc4 c5 6. O-O Nc6 7. Qe2 a6 8. Rd1 Qc7 9. a3 Be7 10. dxc5 Bxc5 11. b4 Ba7 12. Bb2 O-O 13. Nc3 b5 14. Bd3 Bb7 15. Rac1 Rac8 16. Ne4 Nxe4 17. Bxe4 Qe7 18. Bb1 Rfd8 19. Rxd8+ Qxd8 20. h4 Nb8 21. Rxc8 Qxc8 22. Ng5 h6 23. Ne4 Bc6 24. Qg4 Qf8 25. Nf6+ Kh8 26. Nh5 1-0

[Event "WTCC-50 2018"]
[Site "Radebeul"]
[Date "2018.07.12"]
[Round "6"]
[White "Pieper, Thomas"]
[Black "Plotkin, Victor"]
[Result "0-1"]
[ECO "C50"]
[WhiteElo "2208"]
[BlackElo "2248"]
[Annotator "NA"]
[PlyCount "88"]
[EventDate "2018.07.07"]
[EventType "team-tourn"]
[EventCountry "GER"]
[SourceTitle "playchess.com"]
[Source "ChessBase"]
[SourceQuality "1"]
[TimeControl "40/5400+30:1800+30"]

1. e4 e5 2. Bc4 Nc6 3. Nf3 d6 4. d4 Be7 5. d5 Nb8 6. Bd3 Nf6 7. c4 Nbd7 8. Nc3 O-O 9. O-O Nh5 10. Bc2 g6 11. Rb1 a5 12. a3 Ng7 13. b4 b6 14. Ba4 axb4 15. axb4 f5 16. Bc6 Rb8 17. Qc2 Nf6 18. Ng5 f4 19. Nf3 h6 20. Nd2 g5 21. Nb5 g4 22. Rb3 h5 23. Ra3 h4 24. Bb2 f3 25. gxf3 Nfh5 26. fxg4 Bxg4 27. f3 Bh3 28. Rf2 Bg5 29. Nf1 Bf4 30. Kh1 Qg5 31. Nxc7 Rf6 32. Rg2 Bxg2+ 33. Qxg2 Qxg2+ 34. Kxg2 Rg6+ 35. Kh1 h3 36. Bd7 Rg2 37. Ba1 Rc2 38. Bxh3 Kf7 39. Bc3 Rh8 40. Kg1 Bc1 41. Ra7 Kf6 42. Be1 Nf4 43. Bg4 Rg2+ 44. Kh1 Be3 0-1

[Event "WTCC-50 2018"]
[Site "Radebeul"]
[Date "2018.07.12"]
[Round "6"]
[White "Polster, Wolfgang"]
[Black "Koehler, Gerhard"]
[Result "1/2-1/2"]
[ECO "B23"]
[WhiteElo "2203"]
[BlackElo "2181"]
[Annotator "NA"]
[PlyCount "40"]
[EventDate "2018.07.07"]
[EventType "team-tourn"]
[EventCountry "GER"]
[SourceTitle "playchess.com"]
[Source "ChessBase"]
[SourceQuality "1"]
[TimeControl "40/5400+30:1800+30"]

1. e4 c5 2. Nc3 e6 3. Nf3 Nc6 4. Bb5 Nge7 5. d4 cxd4 6. Nxd4 Qc7 7. O-O a6 8. Re1 Nxd4 9. Qxd4 Nc6 10. Bxc6 dxc6 11. e5 c5 12. Qf4 Bd7 13. Ne4 Bc6 14. Rd1 Bxe4 15. Qxe4 Be7 16. Bf4 O-O 17. Rd3 Rfd8 18. Rad1 Rxd3 19. Rxd3 Rd8 20. Kf1 Rxd3 1/2-1/2

[Event "WTCC-50 2018"]
[Site "Radebeul"]
[Date "2018.07.12"]
[Round "6"]
[White "Taggatz, Mario"]
[Black "Mueller, Gerhard"]
[Result "1-0"]
[ECO "D02"]
[WhiteElo "2191"]
[BlackElo "2132"]
[Annotator "NA"]
[PlyCount "45"]
[EventDate "2018.07.07"]
[EventType "team-tourn"]
[EventCountry "GER"]
[SourceTitle "playchess.com"]
[Source "ChessBase"]
[SourceQuality "1"]
[TimeControl "40/5400+30:1800+30"]

1. d4 d5 2. Nf3 Nf6 3. Bf4 c5 4. e3 Nc6 5. Nbd2 Bf5 6. dxc5 e6 7. Nd4 Bg6 8. Bb5 Rc8 9. Nxc6 bxc6 10. Ba6 Bxc5 11. Bxc8 Qxc8 12. O-O O-O 13. Nb3 Be7 14. Bg5 h6 15. Bh4 Bh5 16. f3 e5 17. c4 g5 18. Bg3 Qe6 19. cxd5 Nxd5 20. Qe1 f5 21. e4 Nb4 22. exf5 Rxf5 23. Nd4 1-0

[Event "WTCC-50 2018"]
[Site "Radebeul"]
[Date "2018.07.12"]
[Round "6"]
[White "Gempe, Thomas"]
[Black "Haentsch, Ralf"]
[Result "1/2-1/2"]
[ECO "E32"]
[WhiteElo "2178"]
[BlackElo "2085"]
[Annotator "NA"]
[PlyCount "101"]
[EventDate "2018.07.07"]
[EventType "team-tourn"]
[EventCountry "GER"]
[SourceTitle "playchess.com"]
[Source "ChessBase"]
[SourceQuality "1"]
[TimeControl "40/5400+30:1800+30"]

1. d4 Nf6 2. c4 e6 3. Nc3 Bb4 4. Qc2 O-O 5. a3 Bxc3+ 6. Qxc3 Ne4 7. Qc2 f5 8. Nh3 d6 {[%emt 0:06:29] E32: Nimzo-Indian: Classical (4 Qc2): 4...0-0} (8... b6 9. f3 Nf6 10. e3 Bb7 11. Be2 d6 12. O-O Qe7 13. b4 a5 14. Bb2 Nbd7 15. Nf2 axb4 16. axb4 c5 17. dxc5 dxc5 18. b5 Rfd8 {0-1 (60) Carlsen,M (2801)-Nakamura,H (2715) Oslo 2009}) 9. e3 e5 10. dxe5 dxe5 11. b4 a5 12. f3 $146 ({Predecessor:} 12. Bb2 axb4 13. axb4 Rxa1+ {½-½ (13) Krysztofiak,M (2414)-Adamski,J (2354) Warsaw 2007}) 12... Nf6 13. Bb2 axb4 14. axb4 Rxa1+ 15. Bxa1 Qe7 16. c5 b6 17. Nf2 bxc5 18. Qxc5 Qxc5 19. bxc5 Re8 20. Bb5 Bd7 21. Bc4+ Be6 22. Bb5 Bd7 23. Bc4+ Be6 24. Bd3 Bc8 25. Kd2 g6 26. Rc1 Bb7 27. Bc4+ Kf8 28. Bb2 Bc6 29. Ra1 Nbd7 30. Ra6 Bd5 31. Be2 Kf7 32. Ra7 c6 33. Nd3 Kf8 34. Rc7 Kg8 35. Bc3 Kf8 36. Nb4 Nxc5 37. Nxc6 Ncd7 38. Nb4 Bf7 39. Bb5 Rd8 40. Nc6 Re8 41. Na5 Be6 42. Bc6 Rd8 43. Bb4+ Kg8 $1 44. Be7 Rb8 45. Kc3 Rb1 $11 46. Bxf6 Nxf6 47. Re7 Bd5 48. Ba4 Bxf3 49. Bb3+ Bd5 50. Rxe5 Bxb3 51. Nxb3 1/2-1/2

[Event "WTCC-50 2018"]
[Site "Radebeul"]
[Date "2018.07.12"]
[Round "6"]
[White "Sirotkina, Nina"]
[Black "Hutschenreiter, Joerg"]
[Result "1-0"]
[ECO "A46"]
[WhiteElo "2175"]
[BlackElo "2023"]
[Annotator "NA"]
[PlyCount "67"]
[EventDate "2018.07.07"]
[EventType "team-tourn"]
[EventCountry "GER"]
[SourceTitle "playchess.com"]
[Source "ChessBase"]
[SourceQuality "1"]
[TimeControl "40/5400+30:1800+30"]

1. d4 Nf6 2. Nf3 e6 3. Bf4 d5 4. e3 c5 5. c3 Nc6 6. Nbd2 Bd6 7. Bg3 a6 8. Bd3 c4 9. Bc2 b5 10. e4 dxe4 11. Nxe4 Nxe4 12. Bxe4 Bb7 13. Qe2 O-O 14. O-O Bxg3 15. hxg3 Re8 16. Ne5 Qc7 17. f4 f6 18. Nxc6 Bxc6 19. Rfe1 Rad8 20. Qf3 Bxe4 21. Rxe4 g6 22. Rae1 Kf7 23. g4 Qc6 24. f5 Rd6 25. Qe3 gxf5 26. gxf5 Rg8 27. Re2 e5 28. dxe5 Rd1+ 29. Kh2 fxe5 30. Rxe5 Qc7 31. g3 Rd7 32. Qh6 Rh8 33. Qe6+ Kg7 34. f6+ 1-0

[Event "WTCC-50 2018"]
[Site "Radebeul"]
[Date "2018.07.12"]
[Round "6"]
[White "Beilfuss, Wilfried"]
[Black "Grawe, Christian"]
[Result "1/2-1/2"]
[ECO "A00"]
[WhiteElo "2164"]
[BlackElo "2231"]
[Annotator "NA"]
[PlyCount "131"]
[EventDate "2018.07.07"]
[EventType "team-tourn"]
[EventCountry "GER"]
[SourceTitle "playchess.com"]
[Source "ChessBase"]
[SourceQuality "1"]
[TimeControl "40/5400+30:1800+30"]

1. g3 e5 2. c4 c6 3. d4 e4 {[%emt 0:00:13] A20: English Opening: 1...e5} 4. Bg2 d5 5. Nc3 Nf6 6. Bg5 Be6 (6... Bb4 7. Qb3 Bxc3+ 8. Qxc3 O-O 9. f3 dxc4 10. Bxf6 Qxf6 11. fxe4 c5 12. e5 cxd4 13. exf6 dxc3 14. fxg7 {½-½ (40) McShane,L (2647)-Anand,V (2783) Germany 2018}) 7. cxd5 cxd5 8. Bxf6 Qxf6 9. e3 $146 ({Predecessor:} 9. Qb3 Qe7 10. f3 Nc6 11. fxe4 Qb4 12. exd5 Qxb3 13. axb3 {1-0 (24) Pineiro,D (2205)-Denon,N (1738) Buenos Aires 2013}) 9... Nc6 10. Nge2 Bd6 11. O-O O-O 12. f3 Qh6 13. fxe4 Qxe3+ 14. Kh1 Bg4 15. e5 Bb4 16. Qc1 Qd3 17. Rd1 Qf5 18. Qe3 Rad8 19. Rf1 Qc2 20. Rab1 Na5 21. Rfc1 Nc4 22. Qf4 Qg6 23. Qf2 Bxe2 24. Qxe2 Nb6 25. Nd1 Rc8 26. Ne3 Rfd8 27. a3 Be7 28. Rf1 Bg5 29. Nf5 Rc7 30. h4 Be7 31. Rbc1 Rdd7 32. Qd3 Bf8 33. Kh2 h6 34. Bh3 Rc4 35. Rxc4 dxc4 36. Qf3 Rc7 37. d5 c3 38. bxc3 Nc4 39. Qf4 Rc5 40. Qd4 Qb6 41. Re1 Nxa3 42. Qd3 Rxd5 43. Qxd5 Qf2+ 44. Bg2 Qxe1 45. Nd6 Qf2 46. e6 Nc2 $1 47. exf7+ ({White should play} 47. Nf5 $1 $14 fxe6 48. Qxe6+ Kh7 49. Kh3) 47... Kh8 48. Nf5 $2 (48. Nxb7 $11 {and White stays safe.} Ne1 49. c4) 48... Ne1 49. Nd4 Nxg2 50. Qxg2 Qxf7 51. Qe4 g6 52. Ne6 Bg7 53. Nxg7 Qxg7 54. c4 {[%emt 0:00:15] [#]} (54. h5 $11 {keeps the balance.}) 54... h5 $1 55. c5 Kh7 56. Qa4 a6 57. Qa5 Qd7 58. Qb4 Qc6 59. Qd4 a5 60. Qd6 Qf3 61. Qc7+ Kh6 62. Qxa5 Qf2+ 63. Kh3 Qg1 64. Qd2+ Kg7 65. Qd7+ $11 Kh6 66. Qd2+ 1/2-1/2

[Event "WTCC-50 2018"]
[Site "Radebeul"]
[Date "2018.07.12"]
[Round "6"]
[White "Ernst, Michael"]
[Black "Teo, Kok Siong"]
[Result "1/2-1/2"]
[ECO "A45"]
[WhiteElo "2156"]
[BlackElo "2213"]
[Annotator "NA"]
[PlyCount "43"]
[EventDate "2018.07.07"]
[EventType "team-tourn"]
[EventCountry "GER"]
[SourceTitle "playchess.com"]
[Source "ChessBase"]
[SourceQuality "1"]
[TimeControl "40/5400+30:1800+30"]

1. d4 Nf6 2. Bf4 e6 3. e3 d5 4. Nd2 Bd6 5. Bg3 O-O 6. Ngf3 b6 7. Bd3 Bb7 8. O-O Ne4 9. Bxd6 Qxd6 10. c4 Nd7 11. Qc2 f5 12. a3 c5 13. cxd5 exd5 14. dxc5 Ndxc5 15. b4 Nxd3 16. Qxd3 a5 17. Qb3 Nxd2 18. Nxd2 f4 19. Nf3 fxe3 20. fxe3 axb4 21. axb4 Qe7 22. Rxa8 1/2-1/2

[Event "WTCC-50 2018"]
[Site "Radebeul"]
[Date "2018.07.12"]
[Round "6"]
[White "Schulenburg, Bernd"]
[Black "Schoeneberg, Manfred"]
[Result "1-0"]
[ECO "B28"]
[WhiteElo "2152"]
[BlackElo "2199"]
[Annotator "NA"]
[PlyCount "125"]
[EventDate "2018.07.07"]
[EventType "team-tourn"]
[EventCountry "GER"]
[SourceTitle "playchess.com"]
[Source "ChessBase"]
[SourceQuality "1"]
[TimeControl "40/5400+30:1800+30"]

1. e4 c5 2. Nf3 a6 3. d4 cxd4 4. Nxd4 e5 5. Nf3 Nf6 6. Nc3 Bb4 7. Qd3 d5 {[%emt 0:08:55] B28: Sicilian: 2 Nf3 a6 (O'Kelly Variation)} 8. Bg5 (8. Nd2 d4 9. Nd1 O-O 10. c3 dxc3 11. Nxc3 Nc6 12. a3 Bxc3 13. Qxc3 Be6 14. Bc4 Nd4 15. Bxe6 fxe6 {0-1 (23) Santos,J (2246)-Paunovic,D (2551) Coimbra 2010}) 8... d4 9. O-O-O Nc6 $146 ({Predecessor:} 9... Qa5 10. Nb1 Nc6 11. a3 Be6 12. Bd2 Bxd2+ 13. Nbxd2 O-O 14. Ng5 Nb4 15. axb4 {0-1 (51) De Miguel,C-Merlo,C Buenos Aires 1960}) 10. Nd5 Be6 11. Qb3 b5 12. Nxe5 Nxe5 13. Bxf6 gxf6 14. Qxb4 Bxd5 15. exd5 Qxd5 16. Rxd4 Qe6 17. Qb3 Rc8 18. Be2 Nc6 19. Rd2 O-O 20. Rhd1 Rfe8 21. Bf3 Qxb3 22. axb3 Ne5 23. Bd5 a5 24. c3 Kf8 25. Rd4 Re7 26. Kd2 Rce8 27. h3 Nd7 28. Bc6 Nc5 29. Kc2 Re2+ 30. R1d2 Rxd2+ 31. Rxd2 Rb8 32. Rd5 Ne6 33. Rxb5 Rc8 34. Rb6 Ke7 35. Be4 f5 36. Bd3 Rg8 37. g3 f4 38. Bxh7 fxg3 39. fxg3 Rxg3 40. Bf5 Ng7 41. Rb5 Nxf5 42. Rxf5 Rxh3 43. Rxa5 Rh2+ 44. Kd3 Rxb2 45. b4 Ke6 46. Ra8 Ke7 47. Ke4 Rb3 48. Ra7+ Ke6 49. Ra6+ Ke7 50. Kd4 f5 51. Rc6 Rb1 52. Ke5 Re1+ 53. Kxf5 Kd7 54. Rc5 Kd6 55. c4 Rf1+ 56. Ke4 Re1+ 57. Kd3 Rh1 58. Rd5+ Kc6 $18 59. Re5 Rh3+ 60. Re3 Rh6 61. Kd4 Rd6+ 62. Kc3 Rh6 63. b5+ {[%emt 0:00:09] Kd5} 1-0